 Dungeon Crawl Stone Soup version 0.14-a0-1585-g835621a (webtiles) character file.

78067 Mitsuki the Merry Centaur (level 15, -10/102 HPs)
             Began as a Centaur Hunter on Dec 21, 2013.
             Was the Champion of Okawaru.
             Killed from afar by Azrael (28 damage)
             ... with a fireball
             ... on Level 3 of the Spider Nest on Dec 22, 2013.
             The game lasted 05:21:28 (27120 turns).

Mitsuki the Merry Centaur (Centaur Hunter)         Turns: 27120, Time: 05:21:29

HP -10/102       AC 26     Str 16      XL: 15   Next: 10%
MP  15/15        EV  4     Int 10      God: Okawaru [******]
Gold 2181        SH  0     Dex 15      Spells:  0 memorised, 14 levels left

rFire  . . .     SeeInvis +     a - +10,+1 bow of the Illusory Ghosts {velocity, rC-}
rCold  . . .     Clarity  +     Q - +3 scale mail "Inuuq" {+Rage rPois MR++}
rNeg   . . .     Conserve .     (no shield)
rPois  +         rCorr    .     v - +2 helmet {SInv}
rElec  .         rRot     .     O - +2 cloak {rPois}
SustAb . .       Spirit   .     K - +0 pair of gloves
rMut   .         Warding  .     j - +1 centaur barding {rC+}
Saprov . . .     Stasis   .     J - amulet of clarity
                                z - ring of flight
                                R - ring of sustenance

@: very quick, extremely resistant to hostile enchantments, extremely unstealthy
A: hooves 3, deformed body, herbivore 1, speed 2, fast metabolism 1, tough skin
3
a: Heroism, Finesse, Renounce Religion, Evoke Berserk Rage, Evoke Flight


You were on level 3 of the Spider Nest.
You worshipped Okawaru.
Okawaru was exalted by your worship.
You were not hungry.

You visited 5 branches of the dungeon, and saw 27 of its levels.
You also visited: Sewer and Ossuary.

You collected 2562 gold pieces.
You spent 381 gold pieces at shops.

Inventory:

Hand weapons
 a - the +10,+1 bow of the Illusory Ghosts (weapon) {velocity, rC-}
   (You found it on level 14 of the Dungeon)

   Any arrow fired from it inflicts extra damage.
   It makes you vulnerable to cold.
 b - the +7,+3 trident of Dokommocs {flame, Dex-1}
   (You found it on level 10 of the Dungeon)

   It emits flame when wielded, causing extra injury to most foes and up to
   double damage against particularly susceptible opponents.
   It affects your dexterity (-1).
 U - a +6,+4 longbow of flame
Missiles
 c - 162 arrows (quivered)
 h - 26 arrows of flame
 m - 47 poisoned arrows
Armour
 j - a +1 centaur barding of cold resistance (worn)
 v - a +2 helmet of see invisible (worn)
 K - a +0 pair of gloves (worn)
 O - a +2 cloak of poison resistance (worn)
 Q - the +3 scale mail "Inuuq" (worn) {+Rage rPois MR++}
   (You found it on level 6 of the Dungeon)

   It protects you from poison.
   It affects your resistance to hostile enchantments.
   It lets you go berserk.
Magical devices
 g - a wand of polymorph (16)
 B - a wand of paralysis (14)
 D - a wand of paralysis (15)
 I - a wand of digging (8)
 L - a wand of hasting (0)
 V - a wand of polymorph (6)
 W - a wand of confusion (8)
 X - a wand of enslavement (5)
Comestibles
 p - a meat ration
Scrolls
 e - a scroll of fog
 i - 3 scrolls of remove curse
 n - 4 scrolls of recharging
 o - 12 scrolls of identify
 r - 5 scrolls of enchant armour
 t - 7 scrolls of teleportation
 u - 2 scrolls of magic mapping
 C - a scroll of amnesia
 H - a scroll of blinking
 M - 2 scrolls of fear
Jewellery
 f - an uncursed ring of fire
 l - an uncursed ring of poison resistance
 z - a ring of flight (right hand)
 G - an uncursed ring of sustenance
 J - an amulet of clarity (around neck)
 R - a ring of sustenance (left hand)
 T - an uncursed ring of protection from magic
Potions
 d - 2 potions of heal wounds
 k - 3 potions of might
 q - 4 potions of restore abilities
 x - 15 potions of curing
 A - 2 potions of flight
 E - a potion of agility
 N - a potion of lignification
 P - 2 potions of brilliance
Miscellaneous
 F - a sack of spiders
 Z - a phial of floods (inert)


   Skills:
 - Level 1.1 Fighting
 O Level 27 Bows
 + Level 9.5 Armour
 - Level 1.3 Dodging
 - Level 0.5 Stealth
 - Level 2.0 Invocations
 - Level 0.8 Evocations


You had 14 spell levels left.
You didn't know any spells.

Dungeon Overview and Level Annotations

Branches:
Dungeon (15/16)            Temple (1/1) D:4             Orc (4/4) D:12
   Lair (4/8) D:10         Shoals (0/5) Lair:3       Spider (3/5) Lair:3
 Vaults (0/5) D:15
    Elf: Orc:3-4

Altars:
Ashenzari
Cheibriados
Elyvilon
Fedhas
Kikubaaqudgha
Makhleb
Nemelex Xobeh
Okawaru
Sif Muna
Trog
Vehumet
Xom
Yredelemnul
Zin
the Shining One

Shops:
D:9 }   Orc:2 }   Orc:4 [?*[!

Annotations:
Spider:3 Azrael


Innate Abilities, Weirdness & Mutations

You have hooves in place of feet.
Armour fits poorly on your strangely shaped body.
You digest meat inefficiently.
You cover ground very quickly.
You have a fast metabolism.
You have extremely tough skin (AC +3).


Message History

You feel much better.
The hell hound bites you but does no damage.
The hell hound bites you!
* * * LOW HITPOINT WARNING * * *
Evoke which item? (* to show all) (? for menu, Esc to quit)
Aim the phial where?
Press: ? - help, Shift-Dir - straight line, f/p - Azrael
Aim: Azrael, wielding a scimitar of flaming and carrying a wand of lightning {zapped: 3} (severely wounded)
The flood of elemental water hits the hell hound.
The hell hound is severely wounded.
Splash!
You fall into the shallow water.
Moving in this stuff is going to be slow.
The water rises up and takes form.
The hell hound bites you!
* * * LOW HITPOINT WARNING * * *
Azrael throws fire at you.
The fireball explodes!
The fireball engulfs the hell hound.
The hell hound completely resists.
The fireball engulfs you!
One of your 4 scrolls of remove curse catches fire!
You die...

### ###^## #....#
##....######
#.(E(≈R#≈#.####
#.§##§§§§≈.....# #§
####h§.....## #.
#.@.......# .. #.........#
. #........## ##......##
##### ##....## ##...#
#.....# ##...# #....####
....########## ###<.#..##
..^..##..^#..####^......?#


You could see a hell hound.

Vanquished Creatures
  A sphinx (D:13)
  Frances (Spider:3)
  Roxanne (D:15)
  A stone giant (D:13)
  The ghost of bart the Destroyer, a powerful TeVM of Vehumet (Lair:3)
  Fannar (D:13)
  3 hydras
  Nessos (Spider:1)
  An ogre mage (D:15)
  5 orc high priests (Orc:4)
  Urug (D:11)
  A centaur warrior (D:14)
  The ghost of M4edhros the Nimble, an experienced OpTm of Xom (D:8)
  5 unseen horrors
  2 hill giants
  5 wolf spiders
  A cyclops (D:15)
  2 orc sorcerers
  6 orc knights (Orc:4)
  3 slime creatures (D:15)
  A spiny worm (Spider:2)
  A black mamba (Lair:1)
  A red wasp (Spider:3)
  3 griffons
  Maurice (D:10)
  3 spiny frogs
  Psyche (Orc:4)
  A feature mimic (Orc:4)
  4 demonic crawlers
  6 orb spiders
  4 komodo dragons
  6 trolls
  11 jumping spiders
  Sonja (Orc:2)
  Prince Ribbit (D:9)
  3 two-headed ogres
  A grizzly bear (Lair:4)
  A basilisk (Lair:2)
  3 tarantellas (Spider:3)
  6 formicids
  2 wyverns
  9 trapdoor spiders
  A shadow (D:15)
  25 redbacks
  8 hippogriffs
  A hill giant zombie (D:10)
  A fire elemental (Spider:3)
  Eustachio (Orc:2)
  46 yaks
  12 ugly things
  2 wraiths
  2 hungry ghosts
  9 vampire mosquitoes
  4 sharks
  A neqoxec (Orc:4)
  4 manticores
  2 wolves (D:10)
  A steam dragon (D:12)
  3 sky beasts
  3 necrophages
  4 porcupines
  A naga (shapeshifter) (D:15)
  A hell hound (Spider:3)
  A yellow wasp (Spider:1)
  2 giant goldfish
  34 orc warriors
  A human (D:7)
  An ice beast (D:10)
  8 ogres
  18 centaurs
  4 phantoms
  5 crocodiles
  A big kobold (Sewer)
  17 giant frogs
  4 giant slugs
  3 wargs
  5 water moccasins
  3 agate snails
  4 jellies
  A cyclops zombie (D:10)
  2 eyes of draining
  5 jellyfish
  3 killer bees (D:14)
  5 wights (D:12)
  3 goliath beetles
  7 electric eels
  7 crimson imps
  28 orc wizards
  A basilisk zombie (D:15)
  6 spiders
  7 big fish
  14 hounds
  45 orc priests
  5 iguanas
  6 scorpions
  9 worker ants
  A killer bee zombie (D:13)
  11 sheep
  Ijyb (D:5)
  2 ogre zombies
  9 boggarts (D:14)
  Terence (D:3)
  12 mummies
  32 green rats
  A worker ant zombie (D:6)
  3 gnolls (D:5)
  14 adders
  A giant mite (D:7)
  5 worms
  2 giant centipedes
  4 grey rats (Sewer)
  7 giant geckos
  An ooze (D:7)
  184 orcs
  A bat skeleton (D:4)
  A bat zombie (D:6)
  13 giant cockroaches
  3 gnoll zombies (Ossuary)
  16 goblins
  17 hobgoblins
  16 jackals
  13 kobolds
  11 quokkas
  A ball python (D:3)
  A ball python skeleton (D:5)
  24 bats
  A giant gecko skeleton (D:6)
  4 giant newts
  3 giant spores
  A goblin skeleton (D:4)
  2 hobgoblin zombies (Ossuary)
  A jackal zombie (D:6)
  3 kobold zombies (Ossuary)
  3 orc zombies (Orc:4)
  18 rats
  A rat zombie (D:7)
  10 ballistomycetes
  3 fungi
  2 plants (Lair:3)
970 creatures vanquished.

Vanquished Creatures (collateral kills)
  Saint Roka (Orc:4)
  A wraith (D:11)
  A black bear (D:11)
  A giant frog skeleton (D:11)
  An orc zombie (Orc:4)
5 creatures vanquished.

Vanquished Creatures (others)
  A water elemental (Orc:4)
  An orc warrior (D:7)
  A hippogriff skeleton (D:12)
  A hound (D:7)
  3 spiders
  A giant mite (D:15)
  An adder (D:7)
  A bat (D:7)
  A hobgoblin (D:7)
  A giant spore (D:7)
  A goblin (D:7)
  A hobgoblin skeleton (D:7)
  A fungus (Lair:2)
  A plant (D:10)
16 creatures vanquished.

Grand Total: 991 creatures vanquished

Notes
Turn   | Place    | Note
--------------------------------------------------------------
     0 | D:1      | Mitsuki, the Centaur Hunter, began the quest for the Orb.
     0 | D:1      | Reached XP level 1. HP: 16/16 MP: 1/1
   350 | D:1      | Reached XP level 2. HP: 20/23 MP: 2/2
   580 | D:1      | Reached skill level 6 in Bows
   875 | D:2      | Reached XP level 3. HP: 28/28 MP: 3/3
  1334 | D:3      | Reached skill level 7 in Bows
  1454 | D:3      | Reached XP level 4. HP: 27/35 MP: 3/3
  1581 | D:3      | Noticed Terence
  1611 | D:3      | Killed Terence
  1684 | D:3      | Noticed a giant frog
  1688 | D:3      | Killed a giant frog
  1688 | D:3      | Reached skill level 8 in Bows
  1688 | D:3      | Reached XP level 5. HP: 40/40 MP: 4/4
  1735 | D:3      | Reached skill level 1 in Armour
  1858 | D:3      | Reached skill level 9 in Bows
  1859 | D:3      | Found a glowing drain.
  2047 | Sewer    | Entered a sewer
  2330 | Sewer    | Reached XP level 6. HP: 39/47 MP: 5/5
  2378 | Sewer    | Found a white marble altar of Elyvilon.
  2546 | D:4      | Found a staircase to the Ecumenical Temple.
  2571 | Temple   | Entered the Ecumenical Temple
  2823 | D:4      | Reached skill level 10 in Bows
  2864 | D:4      | Reached XP level 7. HP: 49/52 MP: 5/5
  3050 | D:5      | Entered Level 5 of the Dungeon
  3273 | D:5      | Reached skill level 11 in Bows
  3553 | D:5      | Noticed Ijyb
  3582 | D:5      | Killed Ijyb
  3639 | D:5      | Reached skill level 12 in Bows
  3763 | D:5      | Found a sand-covered staircase.
  3768 | Ossuary  | Entered an ossuary
  3793 | Ossuary  | Reached XP level 8. HP: 59/59 MP: 6/6
  4056 | Ossuary  | Gained mutation: You have very sharp teeth. [potion of beneficial mutation]
  4058 | Ossuary  | Paralysed by a potion of paralysis for 6 turns
  4406 | D:6      | Got a transparent scale mail
  4423 | D:6      | Identified the +3 scale mail "Inuuq" {+Rage rPois MR++} (You found it on level 6 of the Dungeon)
  4476 | D:6      | Reached skill level 13 in Bows
  5196 | D:7      | Gained mutation: You have an increased reservoir of magic (+10% MP). [potion of mutation]
  5196 | D:7      | Gained mutation: Your vision is a little blurry. [potion of mutation]
  5196 | D:7      | Gained mutation: You are dopey. (Int -2) [potion of mutation]
  5215 | D:7      | Found a shattered altar of Ashenzari.
  5218 | D:7      | Found a snail-covered altar of Cheibriados.
  5225 | D:7      | Found an iron altar of Okawaru.
  5233 | D:7      | Became a worshipper of Warmaster Okawaru
  5351 | D:7      | Reached skill level 14 in Bows
  5462 | D:7      | Reached XP level 9. HP: 64/64 MP: 7/7
  5514 | D:7      | Found a shimmering altar of Xom.
  5689 | D:7      | Acquired Okawaru's first power
  5994 | D:8      | Noticed M4edhros' ghost (experienced OpTm)
  6002 | D:8      | Reached skill level 15 in Bows
  6017 | D:8      | Killed M4edhros' ghost
  6017 | D:8      | Reached skill level 16 in Bows
  6113 | D:8      | Identified Plupiar's Secret Knowledge, Part Two
  6377 | D:9      | Found Cluocoar's Gadget Shoppe.
  6467 | D:9      | Noticed Prince Ribbit
  6477 | D:9      | Killed Prince Ribbit
  6478 | D:9      | Got an ichor-stained dagger
  6579 | D:9      | Identified the +7,+1 dagger of Punishment {vamp, Int+3} (You found it on level 9 of the Dungeon)
  6655 | D:9      | Found a white marble altar of Elyvilon.
  6686 | D:9      | Reached XP level 10. HP: 55/71 MP: 7/7
  6703 | D:9      | Reached skill level 17 in Bows
  7255 | D:10     | Entered Level 10 of the Dungeon
  7255 | D:10     | Noticed Maurice
  7352 | D:10     | Reached skill level 18 in Bows
  7683 | D:10     | Killed Maurice
  8070 | D:10     | Killed an unseen horror
  8362 | D:10     | Got a slimy trident
  8363 | D:10     | Identified the +7,+3 trident of Dokommocs {flame, Dex-1} (You found it on level 10 of the Dungeon)
  8495 | D:10     | Killed an unseen horror
  8767 | D:10     | Reached XP level 11. HP: 74/77 MP: 9/9
  8788 | D:10     | Reached skill level 19 in Bows
  8788 | D:10     | Reached skill level 5 in Armour
  8844 | D:10     | Received a gift from Okawaru
  8929 | D:10     | Found a staircase to the Lair.
  9573 | Lair:1   | Entered Level 1 of the Lair of Beasts
  9781 | D:11     | Received a gift from Okawaru
  9820 | D:11     | Noticed Urug
  9837 | D:11     | Killed Urug
  9837 | D:11     | Reached skill level 20 in Bows
 10486 | D:12     | Received a gift from Okawaru
 10610 | D:12     | Found a staircase to the Orcish Mines.
 10624 | Orc:1    | Entered Level 1 of the Orcish Mines
 10754 | Orc:1    | Found a burning altar of Makhleb.
 10901 | Orc:1    | Received a gift from Okawaru
 10910 | Orc:1    | Acquired Okawaru's second power
 10910 | Orc:1    | Reached skill level 21 in Bows
 11691 | D:13     | Killed an unseen horror
 11776 | D:13     | Identified Sif Muna's Almanac of Damaging Air
 11835 | D:13     | Reached XP level 12. HP: 65/83 MP: 11/11
 11852 | D:13     | Noticed a stone giant
 11872 | D:13     | Noticed a sphinx
 11954 | D:13     | Killed a stone giant
 11968 | D:13     | Received a gift from Okawaru
 12508 | D:13     | Noticed Fannar
 12525 | D:13     | Killed Fannar
 12592 | D:13     | Reached skill level 22 in Bows
 12751 | D:13     | Noticed a hill giant
 12756 | D:13     | Killed a hill giant
 12777 | D:13     | Lost mutation: Your vision is a little blurry. [potion of mutation]
 12796 | D:13     | Received a gift from Okawaru
 12932 | D:13     | Killed a sphinx
 13118 | D:14     | Received a gift from Okawaru
 13208 | D:14     | Reached skill level 23 in Bows
 13851 | D:14     | Got a jewelled bow
 13852 | D:14     | Identified the +10,+1 bow of the Illusory Ghosts {velocity, rC-} (You found it on level 14 of the Dungeon)
 14082 | D:14     | Reached XP level 13. HP: 89/89 MP: 11/11
 14256 | D:15     | Entered Level 15 of the Dungeon
 14414 | D:15     | Received a gift from Okawaru
 14466 | D:15     | Reached skill level 24 in Bows
 14616 | D:15     | Found a white marble altar of Elyvilon.
 14777 | D:15     | Reached skill level 1 in Invocations
 14799 | D:15     | Found a gate to the Vaults.
 15316 | D:15     | Noticed Roxanne
 15671 | D:15     | Killed Roxanne
 16023 | Orc:2    | Reached skill level 25 in Bows
 16039 | Orc:2    | Noticed Sonja
 16043 | Orc:2    | Killed Sonja
 16080 | Orc:2    | Received a gift from Okawaru
 16233 | Orc:2    | Found Jian's Gadget Shop.
 16541 | Orc:4    | Entered Level 4 of the Orcish Mines
 16544 | Orc:4    | Found Liomeu's Distillery.
 16716 | Orc:4    | Noticed Saint Roka
 17804 | Orc:2    | Noticed Eustachio
 17807 | Orc:2    | Killed Eustachio
 20278 | Lair:2   | You fall through a shaft for 2 floors!
 20359 | Lair:3   | Found a hole to the Spider Nest.
 20695 | Orc:4    | Killed Saint Roka
 20695 | Orc:4    | Reached skill level 26 in Bows
 20695 | Orc:4    | Reached XP level 14. HP: 96/96 MP: 14/14
 21251 | Orc:4    | Received a gift from Okawaru
 21723 | Orc:4    | Gained mutation: You have a very fast metabolism. [a neqoxec]
 22052 | Orc:4    | Noticed Psyche
 22056 | Orc:4    | Killed Psyche
 22087 | Orc:4    | Found a staircase to the Elven Halls.
 22123 | Orc:4    | the staircase to the Elven Halls was a mimic.
 22477 | Orc:4    | Found Inot's Antique Armour Boutique.
 22478 | Orc:4    | Found Ykkyilo's Assorted Antiques.
 22479 | Orc:4    | Found Ogackaf's Armour Boutique.
 22482 | Orc:4    | Found Giohetwa's Magic Scroll Boutique.
 22493 | Orc:4    | Upgraded the game from 0.14-a0-1576-gf4c5cb9 to 0.14-a0-1585-g835621a
 22494 | Orc:4    | Bought a scroll of remove curse for 51 gold pieces
 22494 | Orc:4    | Bought a scroll of enchant armour for 93 gold pieces
 22494 | Orc:4    | Bought a scroll of enchant weapon I for 93 gold pieces
 22494 | Orc:4    | Bought a scroll of remove curse for 51 gold pieces
 22494 | Orc:4    | Bought a scroll of identify for 34 gold pieces
 22494 | Orc:4    | Bought a scroll of magic mapping for 59 gold pieces
 23108 | Lair:3   | Found a staircase to the Shoals.
 23470 | Lair:3   | Noticed bart's ghost (powerful TeVM)
 23480 | Lair:3   | Killed bart's ghost
 23480 | Lair:3   | Reached skill level 27 in Bows
 24080 | Spider:1 | Entered Level 1 of the Spider Nest
 24106 | Spider:1 | Identified a scroll of acquirement
 24688 | Spider:1 | Lost mutation: You are dopey. (Int -2) [potion of cure mutation]
 24688 | Spider:1 | Lost mutation: You have a very fast metabolism. [potion of cure mutation]
 24688 | Spider:1 | Lost mutation: You have an increased reservoir of magic (+10% MP). [potion of cure mutation]
 24688 | Spider:1 | Lost mutation: You have very sharp teeth. [potion of cure mutation]
 24889 | Spider:1 | Noticed Nessos
 24901 | Spider:1 | Killed Nessos
 24901 | Spider:1 | Received a gift from Okawaru
 26760 | Spider:3 | Noticed Frances
 26772 | Spider:3 | Killed Frances
 26772 | Spider:3 | Received a gift from Okawaru
 26772 | Spider:3 | Reached XP level 15. HP: 79/102 MP: 15/15
 26826 | Spider:3 | Received a gift from Okawaru
 27104 | Spider:3 | Noticed Azrael
 27117 | Spider:3 | HP: 3/102 [Azrael/bolt of fire (37)]
 27120 | Spider:3 | Killed from afar by Azrael

Action                   |  1- 3 |  4- 6 |  7- 9 | 10-12 | 13-15 || total
-------------------------+-------+-------+-------+-------+-------++-------
Melee: Hand axe          |       |    17 |       |       |       ||    17
       Dagger            |       |       |     3 |    12 |       ||    15
       Bow               |       |       |       |    13 |     5 ||    18
       Trident           |       |       |       |       |     8 ||     8
       Unarmed           |       |       |       |       |     7 ||     7
 Fire: Bow               |   104 |   129 |   395 |   963 |  1569 ||  3160
       Longbow           |       |       |       |       |   186 ||   186
Invok: Heroism           |       |       |       |     2 |     5 ||     7
       Finesse           |       |       |       |       |     6 ||     6
 Abil: Evoke Flight      |       |       |       |       |     2 ||     2
Evoke: Wand              |       |       |     3 |    14 |    18 ||    35
       sack of spiders   |       |       |       |     3 |     3 ||     6
       phial of floods   |       |       |       |     1 |     3 ||     4
  Use: Scroll            |       |    11 |    10 |     9 |    15 ||    45
       Potion            |       |     5 |    12 |    10 |     6 ||    33
